 Dungeon Crawl Stone Soup version 0.32-a0-931-g5a2cda0630 (webtiles) character file.

Game seed: 12151171999309582945

2124703 kuniqs the Fire Dragon (level 27, 223/269 HPs)
             Began as a Pale Draconian Gladiator on Apr 13, 2024.
             Was the Champion of Wu Jian.
             Escaped with the Orb
             ... and 3 runes
             ... and 2 gems on Apr 14, 2024!
             The game lasted 01:56:49 (54525 turns).

kuniqs the Fire Dragon (Pale Draconian Gladiator)  Turns: 54525, Time: 01:56:50

Health: 223/269    AC: 21    Str: 23    XL:     27
Magic:  20/20      EV: 36    Int:  8    God:    Wu Jian [******]
Gold:   5431       SH: 21    Dex: 28    Spells: 23/26 levels left

rFire   + + .        U - +8 demon blade "Leech" {evervamp, Harm ^Drain rN+}
rCold   + . .        J - +5 kite shield {rF+}
rNeg    + . .        (body armour unavailable)
rPois   +            n - +2 hat {SInv}
rElec   +            s - scarf "Fyhuam" {shadows, rF+ rC+ Will+}
rCorr   .            y - +2 pair of gloves {Str+3}
SInv    +            L - +2 pair of boots
Will    +++++        W - amulet of regeneration
Stlth   ++           H - ring of Intercession {rElec Will+ Str-2 Dex+6}
HPRegen 2.24/turn    D - ring "Volli" {Wiz rPois}
MPRegen 0.17/turn

%: harm (+30% outgoing, +20% incoming), wizardry (x1)
@: mighty, exhausted, maw-form, hasted, studying Axes, very quick
A: devouring maw, steam breath, AC +13, unfitting armour, cold-blooded, steam
resistance, low MP 1, strong-willed 1, regeneration 1, MP-powered wands
0: Orb of Zot
}: 3/15 runes: serpentine, barnacled, silver
a: Steam Breath, Begin Untransformation, Renounce Religion, Wall Jump, Serpent's
Lash, Heavenly Storm


You escaped.
You worshipped Wu Jian.
Wu Jian was exalted by your worship.
You were a creature with a mouth for a stomach.
You visited 10 branches of the dungeon, and saw 48 of its levels.
You also visited: Ossuary and Wizlab.

You collected 9676 gold pieces.
You spent 4245 gold pieces at shops.

Inventory:

Hand Weapons
 U - the +8 demon blade "Leech" (weapon) {evervamp, Harm ^Drain rN+}
   (You found it on level 4 of the Lair of Beasts)

   rN+:       It protects you from negative energy.
   ^Drain:    It drains your maximum health when unequipped.
   Harm:      It increases damage dealt and taken.
Missiles
 c - 3 throwing nets (quivered)
Armour
 n - a +2 hat of see invisible (worn)
 s - the scarf "Fyhuam" (worn) {shadows, rF+ rC+ Will+}
   (You acquired it on level 5 of the Dungeon)

   rF+:       It protects you from fire.
   rC+:       It protects you from cold.
   Will+:     It increases your willpower.
 y - a +2 pair of gloves of strength (worn)
 J - a +5 kite shield of fire resistance (worn)
 L - a +2 pair of boots (worn)
Jewellery
 b - the ring of Due Proportion {rC+ Will+ AC+4}
   (You bought it in a shop on level 1 of the Snake Pit)

   [ring of protection]

   AC+4:      It affects your AC (+4).
   rC+:       It protects you from cold.
   Will+:     It increases your willpower.
 k - a ring of positive energy
 B - a ring of resist corrosion
 D - the ring "Volli" (right hand) {Wiz rPois}
   (You found it in a wizard's laboratory)

   [ring of wizardry]

   Wiz:       It improves your spell success rate.
   rPois:     It protects you from poison.
 H - the ring of Intercession (left hand) {rElec Will+ Str-2 Dex+6}
   (You took it off a rakshasa on level 1 of the Depths)

   [ring of dexterity]

   Str-2:     It affects your strength (-2).
   Dex+6:     It affects your dexterity (+6).
   rElec:     It insulates you from electricity.
   Will+:     It increases your willpower.
 Q - a +6 ring of dexterity
 W - an amulet of regeneration (around neck)
Talismans
 f - a maw talisman (active)
Wands
 l - a wand of warping (40)
 o - a wand of digging (16)
 K - a wand of acid (22)
Scrolls
 a - 6 scrolls of fear
 e - 6 scrolls of fog
 g - 10 scrolls of enchant weapon
 h - 23 scrolls of teleportation
 j - 9 scrolls of poison
 m - 8 scrolls of summoning
 q - 8 scrolls of enchant armour
 r - 5 scrolls of immolation
 C - 2 scrolls of revelation
 G - 12 scrolls of blinking
 P - 5 scrolls of silence
 V - 4 scrolls of brand weapon
Potions
 i - 4 potions of invisibility
 p - 6 potions of haste
 t - 6 potions of mutation
 u - 5 potions of resistance
 v - 4 potions of cancellation
 x - 2 potions of berserk rage
 z - 18 potions of curing
 A - 4 potions of might
 F - 2 potions of enlightenment
 N - 3 potions of ambrosia
 O - 9 potions of attraction
 R - 5 potions of magic
 T - 7 potions of heal wounds
Miscellaneous
 d - a phial of floods
 I - a phantom mirror
 M - a condenser vane


   Skills:
 + Level 26.1 Fighting
 - Level 16.0 Long Blades
 - Level 1.7 Throwing
 - Level 23.9 Dodging
 - Level 9.0 Stealth
 - Level 16.0 Shields
 - Level 12.0 Necromancy
 O Level 27 Fire Magic
 - Level 9.0 Evocations
 - Level 10.0 Shapeshifting


You had 23 spell levels left.
You knew the following spells:

 Your Spells              Type           Power      Damage    Failure   Level
a - Fugue of the Fallen   Necr           19%        N/A       1%          3

Your spell library contained the following spells:

 Spells                   Type           Power      Damage    Failure   Level
 Scorch                   Fire           86%        2d8       0%          2
 Foxfire                  Conj/Fire      84%        2x1d8     1%          1
 Necrotise                Necr           76%        1d7       1%          1
 Sublimation of Blood     Necr           19%        N/A       1%          2
 Inner Flame              Hex/Fire       21%        N/A       1%          3
 Vampiric Draining        Necr           19%        2d7       1%          3
 Volatile Blastmotes      Fire/Tloc      42%        2d13      1%          3
 Dispel Undead            Necr           19%        3d11      1%          4
 Flame Wave               Conj/Fire      21%        2d8       1%          4
 Ignite Poison            Fire/Alch      21%        N/A       1%          4
 Sticky Flame             Fire/Alch      21%        2d6       1%          4
 Summon Blazeheart Golem  Fire/Summ      21%        N/A       1%          4
 Kiss of Death            Conj/Necr      36%        2d8       2%          1
 Fireball                 Conj/Fire      10%        3d6       2%          5
 Ignition                 Fire           21%        3d8       2%          8
 Curse of Agony           Necr           19%        N/A       5%          5
 Plasma Beam              Fire/Air       10%        2x1d21    16%         6
 Starburst                Conj/Fire      10%        6d5       16%         6
 Anguish                  Hex/Necr       4%         N/A       21%         4
 Martyr's Knell           Necr/Summ      9%         N/A       21%         4
 Freeze                   Ice            0%         1d3       26%         1
 Magic Dart               Conj           0%         1d3       26%         1
 Slow                     Hex            0%         N/A       26%         1
 Summon Small Mammal      Summ           0%         N/A       26%         1
 Death Channel            Necr           9%         N/A       26%         6
 Blink                    Tloc           0%         N/A       34%         2
 Call Imp                 Summ           0%         N/A       34%         2
 Ensorcelled Hibernation  Hex/Ice        0%         N/A       34%         2
 Jinxbite                 Hex            0%         N/A       34%         2
 Lesser Beckoning         Tloc           0%         N/A       34%         2
 Mercury Vapours          Alch/Air       0%         N/A       34%         2
 Static Discharge         Conj/Air       0%         3-3/arc   34%         2
 Call Canine Familiar     Summ           0%         N/A       56%         3
 Confusing Touch          Hex            0%         N/A       56%         3
 Dazzling Flash           Conj/Hex       0%         N/A       56%         3
 Frozen Ramparts          Ice            0%         1d1       56%         3
 Hailstorm                Conj/Ice       0%         3d5       56%         3
 Maxwell's Portable Pile  Tloc           0%         2d(5-13)  56%         3
 Mephitic Cloud           Conj/Alch/Air  0%         N/A       56%         3
 Ozocubu's Armour         Ice            0%         N/A       56%         3
 Sigil of Binding         Hex            0%         N/A       56%         3
 Summon Ice Beast         Ice/Summ       0%         N/A       56%         3
 Teleport Other           Tloc           0%         N/A       56%         3
 Tukima's Dance           Hex            0%         N/A       56%         3
 Airstrike                Air            0%         2d(0-16)  91%         4
 Brom's Barrelling Bould  Conj/Erth      0%         2d3       91%         4
 Cause Fear               Hex            0%         N/A       91%         4
 Dimensional Bullseye     Hex/Tloc       0%         N/A       91%         4
 Fulminant Prism          Conj/Alch      0%         3d5       91%         4
 Iskenderun's Mystic Bla Conj/Tloc 0%             2d3        (+2d1     91%         4
 Leda's Liquefaction      Alch/Erth      0%         N/A       91%         4
 Passage of Golubria      Tloc           0%         N/A       91%         4
 Petrify                  Alch/Erth      0%         N/A       91%         4
 Summon Lightning Spire   Summ/Air       0%         N/A       91%         4
 Freezing Cloud           Conj/Ice/Air   0%         6-21      99%         5
 Irradiate                Conj/Alch      0%         3d11      99%         5
 Iskenderun's Battlesphe  Conj           0%         2d6       99%         5
 Lee's Rapid Deconstruct  Erth           0%         3d4*      99%         5
 Metabolic Englaciation   Hex/Ice        0%         N/A       99%         5
 Silence                  Hex/Air        0%         N/A       99%         5
 Yara's Violent Unravell  Hex/Alch       0%         3d3       99%         5
 Bombard                  Conj/Erth      0%         9d1       100%        6
 Conjure Ball Lightning   Conj/Air       0%         3x3d6     100%        6
 Permafrost Eruption      Ice/Erth       0%         2x4d1     100%        6
 Sculpt Simulacrum        Ice/Alch       0%         N/A       100%        6
 Summon Cactus Giant      Summ           0%         N/A       100%        6
 Enfeeble                 Hex            0%         N/A       100%        7
 Malign Gateway           Summ/Tloc      0%         N/A       100%        7
 Manifold Assault         Tloc           0%         N/A       100%        7
 Orb of Destruction       Conj           0%         9d5       100%        7
 Spellforged Servitor     Conj/Summ      0%         N/A       100%        7
 Summon Hydra             Summ           0%         N/A       100%        7
 Discord                  Hex            0%         N/A       100%        8
 Disjunction              Tloc           0%         N/A       100%        8
 Lehudib's Crystal Spear  Conj/Erth      0%         10d2      100%        8
 Summon Horrible Things   Summ           0%         N/A       100%        8
 Dragon's Call            Summ           0%         N/A       100%        9
 Shatter                  Erth           0%         3d5*      100%        9
 Animate Armour           Summ/Erth      Unusable   N/A       N/A         4

Dungeon Overview and Level Annotations

Branches:
Dungeon (15/15)            Temple (1/1) D:6            Lair (5/5) D:9
 Shoals (4/4) Lair:2        Snake (4/4) Lair:2        Slime (0/5) Lair:5
    Orc (2/2) D:12            Elf (3/3) Orc:2        Vaults (5/5) D:13
  Crypt (0/3) Vaults:3     Depths (4/4) D:15            Zot (5/5) Depths:4
Ossuary (visited)          WizLab (visited)

Altars:
Ashenzari
Cheibriados
Dithmenos
Elyvilon
Fedhas
Gozag
Hepliaklqana
Kikubaaqudgha
Makhleb
Nemelex Xobeh
Okawaru
Qazlal
Ru
Sif Muna
Trog
Uskayaw
Vehumet
Wu Jian
Xom
Yredelemnul
Zin
The Shining One
Beogh
Jiyva

Shops:
D:1 ?*   D:13 [   Orc:2 :([(   Elf:2 !   Elf:3 ?   Shoals:4 *   Snake:1 ==([
Snake:2 *   Vaults:1 (   Vaults:2 [   Vaults:3 ?   Vaults:4 !?

Portals:
Hell: Depths:1 Depths:2 Depths:3 Depths:4
Abyss: Depths:3
Pandemonium: Depths:2
Ziggurat: Depths:2

Annotations:
D:6 1 runed translucent door, Crazy Yiuf
D:10 1 runed translucent door, HourglassMan's ghost, novice GrEE
Elf:2 3 runed translucent doors
Vaults:2 2 runed translucent doors, Syneil's ghost, veteran DjCj
Depths:3 3 runed translucent doors, YordlordTheGreat's ghost, veteran MiMo
Depths:4 4 runed translucent doors
Zot:4 1 runed translucent door, Nanua's ghost, legendary GnRe


Innate Abilities, Weirdness & Mutations

You are a creature with a mouth for a stomach.
Your midsection houses a second, enormous mouth.
You can breathe blasts of scalding, opaque steam.
Your pale cyan-grey scales are hard. (AC +13)
You cannot fit into any form of body armour.
You are cold-blooded and may be slowed by cold attacks.
You are immune to the effects of steam.
Your magical capacity is low. (-10% MP)
You are strong-willed. (Will+)
Your natural rate of healing is unusually fast.
You expend magic power (3 MP) to strengthen your wands.


Message History

The Hell Sentinel is moderately wounded.
Your supernatural speed expires.
You spin and attack the white imp.
You completely miss the white imp.
You spin and attack the Hell Sentinel repeatedly.
You slash the Hell Sentinel! You bite the Hell Sentinel!!
The Hell Sentinel is heavily wounded.
You slice the Hell Sentinel!!
You tail-slap the Hell Sentinel, but do no damage.
Your bite misses the Hell Sentinel.
The Hell Sentinel is severely wounded.
There is a staircase leading out of the dungeon here.
You spin and attack the white imp.
You slice the white imp!!
You kill the white imp!
The Council accepts your kill.
You spin and attack the Hell Sentinel.
You slice the Hell Sentinel!!
The Hell Sentinel is almost dead.
The Hell Sentinel gestures at you.
The sphere of damnation explodes!
The damnation engulfs you!!!
The damnation engulfs the Hell Sentinel.
The Hell Sentinel completely resists.
You hear a horrible gurgling sound!
You spin and attack the Hell Sentinel repeatedly.
You hit the Hell Sentinel.
The Hell Sentinel is almost dead.
You hit the Hell Sentinel but do no damage.
You bite the Hell Sentinel, but do no damage.
The Hell Sentinel is almost dead.
You block the red devil's attack.
The Hell Sentinel completely misses you.
The Hell Sentinel misses you.
You closely miss the red devil. You bite the red devil!!
The red devil is severely wounded.
You open the red devil like a pillowcase!!!
You kill the red devil!
The Council accepts your kill.
You slice the Hell Sentinel!!
You kill the Hell Sentinel!
The Council accepts your kill.
There is a staircase leading out of the dungeon here.
You have escaped!

#.# ### #.# ..# #.#
######## #.#
####...###### #.#
.##.###.##..#######.#
##### ##.#.#.##..##.#
..#### #..###)...#..#
##...###..#.###.W####
#.##[##.##.##....#
.####...##...##..#
### ##############
#.# ..# ###


There were no monsters in sight!

Vanquished Creatures
  8 pandemonium lords
  5 dread liches
  4 ancient liches
  4 orbs of fire
  Vashnia (Snake:4)
  8 Killer Klowns
  Saint Roka (Elf:3)
  Bai Suzhen (Vaults:4)
  Jory (Vaults:5)
  11 golden dragons
  Nikola (Vaults:1)
  A profane servitor (D:3)
  Norris (Vaults:4)
  4 Tzitzimimeh
  2 bone dragons (Depths:4)
  4 Brimstone Fiends
  3 electric golems
  Zenata (Vaults:2)
  Jorgrun (Snake:2)
  2 Ice Fiends
  A moon troll (WizLab)
  A walking crystal tome (Depths:3)
  18 tentacled monstrosities
  4 Hell Sentinels
  36 Orb Guardians
  5 liches
  3 titans
  A deep elf blademaster (Elf:3)
  10 quicksilver dragons
  11 death cobs
  A deep elf master archer (Elf:3)
  Frances (Snake:2)
  5 tentacled starspawn (WizLab)
  Gastronok (D:10)
  4 sphinxes
  Polyphemus (Shoals:2)
  2 Executioners
  Roxanne (Shoals:2)
  Aizul (Snake:2)
  8 tengu reavers
  Kirke (Shoals:1)
  7 nagarajas
  Donald (Elf:3)
  6 shadow dragons
  An azure jelly (Lair:5)
  A revenant (Vaults:3)
  14 storm dragons
  6 draconian monks
  10 fire giants
  6 protean progenitors
  6 draconian knights
  16 vault wardens
  An iron dragon (Vaults:5)
  14 draconian shifters
  6 frost giants
  6 deep elf elementalists
  10 draconian scorchers
  5 deep elf sorcerers
  3 balrugs
  4 spectral caustic shrikes (Depths:4)
  3 ghost moths (Zot:3)
  5 draconian stormcallers
  5 orc warlords
  5 cacodemons
  16 ironbound preservers
  26 stone giants
  11 draconian annihilators
  4 angels (Zot:3)
  3 formless jellyfish
  26 very ugly things
  2 demonspawn blood saints (D:4)
  4 vampire knights
  7 ironbound thunderhulks
  11 black draconians
  2 deep elf death magi
  19 green draconians
  14 yellow draconians
  4 deep elf demonologists (Elf:3)
  12 white draconians
  2 lorocyprocas
  7 spark wasps
  27 purple draconians
  15 red draconians
  2 eleionomae (Shoals:2)
  11 deep elf annihilators
  3 war gargoyles
  10 dire elephants
  4 blizzard demons
  14 ettins
  3 merfolk impalers
  Snorg (D:10)
  2 eidola (Vaults:3)
  4 merfolk javelineers (Shoals:4)
  2 green deaths
  5 crystal guardians
  8 deep elf high priests
  3 salamander tyrants
  9 great orbs of eyes
  4 hydras
  8 fire dragons
  2 hell beasts
  9 yaktaur captains
  9 ice dragons
  4 peacekeepers
  38 vault guards
  Harold (D:10)
  7 rakshasas
  The ghost of SkaryMonk the Cleaver, a journeyman CoGl of Qazlal (Lair:1)
  An ogre mage (Vaults:5)
  6 spriggan air magi
  3 jorogumos
  5 merfolk avatars
  2 catoblepae
  The ghost of Boda the Convoker, a journeyman TeSu of Gozag (Shoals:1)
  2 death yaks (Shoals:2)
  5 alligator snapping turtles
  13 ironbound frosthearts
  A two-headed ogre (shapeshifter) (Depths:2)
  7 centaur warriors
  9 anacondas
  3 boulder beetles
  22 dancing weapons
  8 tengu warriors
  7 satyrs
  7 two-headed ogres
  A vampire mage (Depths:1)
  2 merfolk aquamancers
  3 demonic crawlers
  9 deep troll earth magi
  Urug (Lair:2)
  The ghost of temujin the Thaumaturge, a journeyman DECj of Sif Muna (D:11)
  7 deep troll shamans
  A spectral dire elephant (Lair:5)
  13 hell knights
  3 occultists (Depths:1)
  7 naga warriors
  4 orc high priests
  6 spriggan berserkers
  16 naga sharpshooters
  2 soul eaters
  3 shock serpents
  6 skysharks
  5 deep elf knights
  11 sun demons
  A fire crab (Lair:5)
  A skeletal warrior (D:12)
  4 iron trolls
  A spectral death yak (Lair:5)
  2 salamander mystics
  4 sixfirhies
  6 deep elf archers
  A cherub (D:4)
  An orange crystal statue (WizLab)
  46 deep trolls
  10 glowing orange brains
  A spectral anaconda (Lair:5)
  11 mana vipers
  8 sea snakes
  2 flayed ghosts (Depths:1)
  3 glowing orange brains (shapeshifter)
  6 arcanists
  7 naga ritualists
  2 mana vipers (shapeshifter) (Vaults:5)
  17 orc knights
  3 phantasmal warriors
  A tengu zombie (Vaults:3)
  A golden dragon skeleton (Vaults:4)
  25 harpies
  20 ironbound convokers
  2 obsidian statues
  Pikel (D:5)
  A shadow dragon zombie (Vaults:4)
  A lindwurm (shapeshifter) (Vaults:5)
  9 lindwurms
  14 deep elf pyromancers
  15 deep elf zephyrmancers
  4 thermic dynamos
  2 wolf spiders
  A fire giant zombie (Depths:2)
  12 necromancers
  34 fauns
  8 orc sorcerers
  14 cyclopes
  A sphinx simulacrum (Depths:2)
  A shadow dragon skeleton (Vaults:3)
  A faun (shapeshifter) (Vaults:5)
  Maurice (D:10)
  51 ugly things
  23 manticores
  29 salamanders
  26 moths of wrath
  7 kobold blastminers
  Joseph (D:8)
  22 elephants
  6 naga magi
  A dire elephant zombie (Lair:5)
  2 eyes of devastation (shapeshifter)
  4 meliai
  2 black mambas (shapeshifter)
  3 toenail golems
  17 vault sentinels
  40 black mambas
  A torpor snail (shapeshifter) (Vaults:3)
  4 rust devils
  11 water nymphs
  5 torpor snails
  5 orange demons
  14 cane toads
  8 eyes of devastation
  9 guardian serpents
  9 merfolk sirens
  A yaktaur zombie (Vaults:4)
  4 smoke demons
  4 large abominations
  A gargoyle (D:13)
  3 unseen horrors
  2 hellions
  10 komodo dragons
  Psyche (D:8)
  Jeremiah (D:6)
  An efreet (D:10)
  5 tengu conjurers
  2 tormentors
  2 rime drakes
  24 yaktaurs
  4 freezing wraiths
  2 kobold demonologists
  28 merfolk
  A merfolk (shapeshifter) (Depths:4)
  5 trolls
  2 ice devils
  2 red devils
  3 polar bears
  2 hornets
  A hellwing (D:2)
  Grinder (D:5)
  A troll (shapeshifter) (Elf:2)
  A polar bear (shapeshifter) (Elf:2)
  19 blink frogs
  A tarantella (shapeshifter) (Depths:3)
  8 snapping turtles
  5 wind drakes
  An iron dragon simulacrum (Depths:2)
  A glass eye (shapeshifter) (Vaults:5)
  4 glass eyes
  18 dream sheep
  A spectral elephant (Lair:5)
  40 slime creatures
  3 spriggans (Lair:4)
  Sigmund (D:5)
  A shadow (D:12)
  A vampire (D:12)
  10 water elementals
  An air elemental (Elf:3)
  2 ynoxinuls
  7 wyverns
  A spriggan (shapeshifter) (D:13)
  2 wraiths
  A fire bat (D:10)
  3 hogs (Shoals:1)
  70 yaks
  8 basilisks
  A human (D:13)
  4 wargs
  4 fire elementals
  7 neqoxecs
  8 vampire mosquitoes
  A chaos spawn (D:8)
  A spectral cane toad (Lair:5)
  2 death yak simulacra (Lair:5)
  3 steam dragons
  A yaktaur simulacrum (Vaults:4)
  3 acid dragons
  Edmund (D:5)
  25 nagas
  A swamp worm (Zot:3)
  2 hell hounds (D:4)
  20 water moccasins
  2 laughing skulls (D:13)
  An ettin simulacrum (Depths:2)
  2 elephant zombies (Lair:5)
  41 orc warriors
  A sky beast (D:6)
  2 ice beasts (D:5)
  4 ogres
  A black bear (shapeshifter) (Depths:1)
  A tengu (D:8)
  8 wolves
  13 centaurs
  8 starcursed masses (WizLab)
  Blork the orc (D:6)
  2 kobold brigands (D:9)
  12 bullfrogs
  2 gnoll sergeants
  3 earth elementals
  3 scorpions
  14 wights
  21 killer bees
  10 electric eels
  8 howler monkeys
  6 lava snakes
  4 crimson imps (D:12)
  9 hounds
  A jelly (D:4)
  A bombardier beetle (D:4)
  A centaur skeleton (Ossuary)
  A gnoll bouda (D:6)
  10 orc priests
  2 spectral scorpions (Ossuary)
  4 iguanas
  Jessica (D:3)
  2 sleepcaps
  Terence (D:2)
  12 orc wizards
  A crocodile zombie (Ossuary)
  9 mummies (Ossuary)
  24 gnolls
  11 adders
  7 white imps
  A dart slug (D:1)
  3 ribbon worms
  A ribbon worm (shapeshifter) (D:14)
  60 orcs
  10 ball pythons
  6 bats
  4 endoplasms
  3 giant cockroaches
  6 goblins
  7 hobgoblins
  4 quokkas
  2 frilled lizards
  A gnoll skeleton (Ossuary)
  16 kobolds
  3 kobold skeletons (Ossuary)
  3 orc skeletons (Ossuary)
  6 rats
  10 spectral rats (Ossuary)
  7 aspiring fleshes (Zot:3)
  A butterfly (Zot:3)
  A spectral weapon (Snake:4)
  7 starspawn tentacles (WizLab)
2342 creatures vanquished.

Vanquished Creatures (others)
  A purple draconian (Depths:4)
  A yellow draconian (Zot:2)
  A blizzard demon (D:8)
  A naga warrior (Snake:4)
  A black mamba (Snake:3)
  6 starspawn tentacles (WizLab)
11 creatures vanquished.

Grand Total: 2353 creatures vanquished

Notes
Turn   | Place    | Note
-------+----------+-------------------------------------------
     0 | D:1      | kuniqs the Draconian Gladiator began the quest for the Orb.
     0 | D:1      | Reached XP level 1. HP: 17/17 MP: 1/1
   129 | D:1      | Reached XP level 2. HP: 21/25 MP: 2/2
   385 | D:1      | Found Wirphukuy's Magic Scroll Boutique.
   391 | D:1      | Bought a scroll of identify for 24 gold pieces
   470 | D:1      | Bought a scroll of teleportation for 36 gold pieces
   552 | D:1      | Found Xerafuj's General Store.
  1033 | D:1      | Reached XP level 3. HP: 30/30 MP: 3/3
  1259 | D:1      | Reached skill level 1 in Shapeshifting
  1332 | D:2      | Reached XP level 4. HP: 16/38 MP: 4/4
  1687 | D:3      | Noticed Terence
  1701 | D:2      | Killed Terence
  1883 | D:3      | Noticed Jessica
  1894 | D:3      | Killed Jessica
  1973 | D:3      | Reached XP level 5. HP: 45/45 MP: 5/5
  2037 | D:3      | Found an iron altar of Okawaru.
  2100 | D:3      | Identified a scroll of acquirement
  2100 | D:3      | Acquired a +2 hat of see invisible
  2214 | D:3      | Found a blossoming altar of Fedhas.
  2214 | D:3      | Found a shimmering blue altar of Sif Muna.
  2351 | D:3      | Found a sparkling altar of Nemelex Xobeh.
  2665 | D:4      | Noticed an ogre
  2690 | D:3      | Reached XP level 6. HP: 44/52 MP: 6/6
  3454 | D:4      | Your scales start taking on a pale cyan-grey colour.
  3454 | D:4      | Reached XP level 7. HP: 59/59 MP: 7/7
  3454 | D:4      | Gained mutation: You are immune to the effects of steam.
                  | [Pale Draconian growth]
  3507 | D:4      | Reached skill level 5 in Long Blades
  3890 | D:1      | Bought a potion of mutation for 104 gold pieces
  4335 | D:4      | Reached skill level 1 in Evocations
  4565 | D:5      | Entered Level 5 of the Dungeon
  4565 | D:5      | Noticed Edmund
  4577 | D:5      | Killed Edmund
  4578 | D:5      | Reached XP level 8. HP: 55/67 MP: 8/8
  4634 | D:5      | Noticed Grinder
  4636 | D:5      | Paralysed by Grinder for 2 turns
  4638 | D:5      | Killed Grinder
  4639 | D:5      | Reached skill level 5 in Fighting
  4639 | D:5      | Reached skill level 5 in Shapeshifting
  4679 | D:5      | Reached skill level 5 in Dodging
  4819 | D:5      | Found a sand-covered staircase.
  4825 | Ossuary  | Entered an ossuary
  5282 | D:5      | Acquired the scarf "Fyhuam" {shadows, rF+ rC+ Will+}
  5334 | D:5      | Noticed Pikel
  5349 | D:5      | Killed Pikel
  5350 | D:5      | Reached XP level 9. HP: 40/75 MP: 9/9
  5372 | D:5      | Noticed Sigmund
  5374 | D:5      | Killed Sigmund
  6374 | D:6      | Found a staircase to the Ecumenical Temple.
  6442 | Temple   | Entered the Ecumenical Temple
  6451 | Temple   | Became a worshipper of the Wu Jian Council
  6472 | D:6      | Noticed Blork the orc
  6479 | D:6      | Killed Blork the orc
  6652 | D:6      | Found a bloodstained altar of Trog.
  6676 | D:6      | Reached XP level 10. HP: 86/86 MP: 10/10
  6769 | D:6      | Found a runed translucent door.
  6770 | D:6      | Noticed Crazy Yiuf
  6993 | D:6      | Found a snail-covered altar of Cheibriados.
  6997 | D:6      | Found a basalt altar of Yredelemnul.
  7118 | D:6      | Noticed Jeremiah
  7165 | D:6      | Killed Jeremiah
  7731 | D:7      | Reached skill level 5 in Evocations
  7792 | D:7      | Found a broken altar of Ashenzari.
  8041 | D:7      | Reached * piety under Wu Jian
  8363 | D:7      | Found a hazy altar of Hepliaklqana.
  8551 | D:8      | Noticed Maggie
  8554 | D:8      | Maggie changed into Maggie the tengu
  8554 | D:8      | Noticed Maggie
  8561 | D:8      | Killed Maggie the tengu
  8791 | D:8      | Noticed Joseph
  8798 | D:8      | Noticed Psyche
  8803 | D:8      | Killed Psyche
  8822 | D:8      | Killed Joseph
  8922 | D:8      | Noticed a two-headed ogre
  8931 | D:8      | Killed a two-headed ogre
  9307 | D:8      | Reached ** piety under Wu Jian
  9497 | D:9      | Reached XP level 11. HP: 81/94 MP: 11/11
  9746 | D:9      | Found a staircase to the Lair.
  9961 | D:9      | Noticed a tengu warrior
  9989 | D:9      | Killed a tengu warrior
 10349 | D:9      | Reached *** piety under Wu Jian
 10522 | D:9      | Reached skill level 10 in Shapeshifting
 10816 | D:10     | Entered Level 10 of the Dungeon
 10861 | D:10     | Reached skill level 1 in Stealth
 11004 | D:10     | Got the +1 demon whip "Isoram" {flame, Fly Int+2}
 11024 | D:10     | Noticed Snorg
 11039 | D:10     | Killed Snorg
 11077 | D:10     | Found a runed translucent door.
 11078 | D:10     | Found a shimmering altar of Xom.
 11078 | D:10     | Noticed HourglassMan's ghost (novice GrEE)
 11080 | D:10     | Noticed a +0 quarterstaff of chaos
 11215 | D:10     | Identified the serpent talisman "Tiahoxug" {Int+3 Stlth+}
 11294 | D:10     | Noticed Gastronok
 11306 | D:10     | Killed Gastronok
 11328 | D:10     | Noticed a two-headed ogre
 11335 | D:10     | Noticed Harold
 11340 | D:10     | Killed a two-headed ogre
 11343 | D:10     | Killed Harold
 11344 | D:10     | Reached XP level 12. HP: 59/106 MP: 12/12
 11484 | D:10     | Noticed Maurice
 11492 | D:10     | Maurice stole 4 throwing nets
 11496 | D:10     | Killed Maurice
 11684 | D:11     | Reached **** piety under Wu Jian
 11930 | D:11     | Noticed a centaur warrior
 11935 | D:11     | Killed a centaur warrior
 11936 | D:11     | Reached skill level 10 in Fighting
 11936 | D:11     | Reached skill level 10 in Long Blades
 11965 | D:11     | Noticed temujin's ghost (journeyman DECj)
 11994 | D:11     | Found a runed translucent door.
 12095 | D:11     | Identified the +4 spear of Quick Death {protect, rN+ Str+4}
 12763 | D:12     | Noticed a two-headed ogre
 12783 | D:12     | Killed a two-headed ogre
 13107 | D:12     | Found a staircase to the Orcish Mines.
 13264 | D:12     | Reached skill level 5 in Stealth
 13917 | D:12     | Noticed a boulder beetle
 13926 | D:12     | Noticed a boulder beetle
 13930 | D:12     | Killed a boulder beetle
 13942 | D:12     | Killed a boulder beetle
 13963 | D:12     | Noticed a two-headed ogre
 13969 | D:12     | Killed a two-headed ogre
 13970 | D:12     | Noticed a two-headed ogre
 13974 | D:12     | Killed a two-headed ogre
 13974 | D:12     | Reached XP level 13. HP: 116/116 MP: 13/13
 14319 | D:13     | Found Zuwoegoso's Antique Armour Boutique.
 14907 | D:13     | Found a blossoming altar of Fedhas.
 14907 | D:13     | Found a burning altar of Makhleb.
 14926 | D:13     | Found a sparkling altar of Nemelex Xobeh.
 14926 | D:13     | Found a snail-covered altar of Cheibriados.
 15615 | D:13     | Reached skill level 10 in Dodging
 15624 | D:13     | Found a gate to the Vaults.
 15962 | D:13     | Identified the +0 leather armour "Riomal" {rF++ Dex+3}
 16449 | D:14     | Found an ornate altar of the Wu Jian Council.
 16502 | D:14     | Reached XP level 14. HP: 101/126 MP: 14/14
 16622 | D:14     | Found a hide-covered altar of Uskayaw.
 16847 | D:15     | Entered Level 15 of the Dungeon
 17207 | D:15     | Noticed a cyan very ugly thing
 17236 | D:15     | Killed a brown very ugly thing
 17977 | D:15     | Found a white marble altar of Elyvilon.
 18622 | D:15     | Found a staircase to the Depths.
 18802 | Orc:1    | Entered Level 1 of the Orcish Mines
 18964 | Orc:2    | Entered Level 2 of the Orcish Mines
 19418 | Orc:2    | Found Akkionen's Antique Weapon Emporium.
 19418 | Orc:2    | Found Daehithrau's Antique Armour Shop.
 19419 | Orc:2    | Found Uvoleho's Weapon Boutique.
 19421 | Orc:2    | Found Wiklued's Book Shoppe.
 19877 | Orc:2    | Reached ***** piety under Wu Jian
 19950 | Orc:2    | Found a staircase to the Elven Halls.
 20118 | Orc:2    | Found a roughly hewn altar of Beogh.
 20648 | D:1      | Bought a scroll of enchant armour for 97 gold pieces
 20648 | D:1      | Bought a scroll of blinking for 97 gold pieces
 20648 | D:1      | Bought a scroll of enchant armour for 97 gold pieces
 20648 | D:1      | Bought a +6 ring of dexterity for 468 gold pieces
 20716 | D:1      | Bought a scroll of blinking for 90 gold pieces
 20716 | D:1      | Bought a scroll of revelation for 90 gold pieces
 20854 | Lair:1   | Entered Level 1 of the Lair of Beasts
 20927 | Lair:1   | Found a runed translucent gate.
 20927 | Lair:1   | Found a runed translucent gate.
 20927 | Lair:1   | Found a runed translucent gate.
 20927 | Lair:1   | Noticed SkaryMonk's ghost (journeyman CoGl)
 20954 | Lair:1   | Killed SkaryMonk's ghost
 21391 | Lair:1   | Reached XP level 15. HP: 132/135 MP: 15/15
 21406 | Lair:1   | Reached skill level 15 in Long Blades
 21901 | Lair:2   | Found a staircase to the Snake Pit.
 22036 | Lair:2   | Found a staircase to the Shoals.
 22257 | Lair:2   | Noticed Urug
 22271 | Lair:2   | Killed Urug
 23301 | Lair:3   | Found a runed translucent door.
 23763 | Lair:4   | Found the +8 demon blade "Leech" {evervamp, Harm ^Drain
                  | rN+}
 23968 | Lair:4   | Reached ****** piety under Wu Jian
 23969 | Lair:4   | Reached skill level 1 in Shields
 24348 | Lair:5   | Entered Level 5 of the Lair of Beasts
 24379 | Lair:5   | Found a runed translucent door.
 24379 | Lair:5   | Found a viscous altar of Jiyva.
 24379 | Lair:5   | Found a staircase to the Slime Pits.
 24379 | Lair:5   | Noticed an azure jelly
 24392 | Lair:5   | Killed an azure jelly
 25077 | Lair:5   | Reached skill level 5 in Shields
 25149 | Lair:5   | Reached XP level 16. HP: 147/147 MP: 16/16
 25692 | Snake:1  | Entered Level 1 of the Snake Pit
 25716 | Snake:1  | Found Pedot's Jewellery Shop.
 25719 | Snake:1  | Found Tazixzih's Armour Boutique.
 25719 | Snake:1  | Found Edweq's Jewellery Shop.
 25723 | Snake:1  | Found Omitath's Weapon Boutique.
 25739 | Snake:1  | Bought an amulet of regeneration for 450 gold pieces
 25753 | Snake:1  | Bought the ring of Due Proportion {rC+ Will+ AC+4} for 945
                  | gold pieces
 25937 | Snake:1  | Reached skill level 15 in Fighting
 26569 | Snake:2  | Noticed Jorgrun
 26587 | Snake:2  | Killed Jorgrun
 26689 | Snake:2  | Identified the serpent talisman "Tueppir" {rC+ Int+3}
 26689 | Snake:2  | Noticed Aizul
 26696 | Snake:2  | Killed Aizul
 26790 | Snake:2  | Found Feylioti's Overcharged Wands.
 26918 | Snake:2  | You fall into a shaft and drop 1 floor!
 27080 | Snake:2  | Noticed Frances
 27085 | Snake:2  | Killed Frances
 27228 | Snake:3  | Reached skill level 10 in Shields
 27255 | Snake:3  | Reached XP level 17. HP: 155/157 MP: 9/17
 27636 | Snake:4  | Entered Level 4 of the Snake Pit
 27791 | Snake:4  | Got the Directory of Concerted Minerals
 27831 | Snake:4  | Noticed Vashnia
 27851 | Snake:4  | Killed Vashnia
 27916 | Snake:4  | Noticed a quicksilver dragon
 27918 | Snake:4  | Killed a quicksilver dragon
 27926 | Snake:4  | Got a jade gem with 226 turns to spare
 27936 | Snake:4  | Got a serpentine rune of Zot
 29080 | Shoals:1 | Entered Level 1 of the Shoals
 29170 | Shoals:1 | Found a runed translucent gate.
 29170 | Shoals:1 | Found a runed translucent gate.
 29170 | Shoals:1 | Found a runed translucent gate.
 29172 | Shoals:1 | Found an opulent altar of Gozag.
 29174 | Shoals:1 | Noticed Boda's ghost (journeyman TeSu)
 29177 | Shoals:1 | Noticed Kirke
 29185 | Shoals:1 | Killed Kirke
 29204 | Shoals:1 | Killed Boda's ghost
 29409 | Shoals:1 | Reached XP level 18. HP: 168/168 MP: 18/18
 29570 | Shoals:1 | Identified the +3 plate armour of Resilience {rElec rC+
                  | Str+4 Int+3}
 29929 | Shoals:2 | Noticed Polyphemus
 29935 | Shoals:2 | Noticed Roxanne
 29947 | Shoals:2 | Killed Polyphemus
 30024 | Shoals:2 | Identified the +6 chain mail "Guddul" {Rampage *Slow Will+}
 30265 | Shoals:2 | Got the Omnibus of Bewitchment
 30482 | Shoals:2 | Killed Roxanne
 30831 | Shoals:3 | Identified the +3 leather armour "Dyob" {rPois MP+9}
 31235 | Shoals:4 | Entered Level 4 of the Shoals
 31238 | Shoals:4 | Reached skill level 15 in Dodging
 31300 | Shoals:4 | Reached skill level 15 in Shields
 31453 | Shoals:4 | Reached XP level 19. HP: 179/179 MP: 19/19
 31630 | Shoals:4 | Got a barnacled rune of Zot
 31645 | Shoals:4 | Learned a level 3 spell: Fugue of the Fallen
 31857 | Shoals:4 | Found Wyahov's General Store.
 32306 | Elf:1    | Entered Level 1 of the Elven Halls
 32453 | Elf:1    | Identified the +2 rapier "Leimoono" {elec, rElec MP+9
                  | Int+3}
 32524 | Elf:1    | Reached skill level 1 in Necromancy
 32935 | Elf:2    | Identified the +9 orcbow of the Fool {drain, ^Fragile rElec
                  | Dex+4 Stlth+}
 33079 | Elf:2    | Found Aguofad's Distillery.
 33087 | Elf:2    | Bought a potion of resistance for 210 gold pieces
 33087 | Elf:2    | Bought a potion of curing for 63 gold pieces
 33087 | Elf:2    | Bought a potion of curing for 63 gold pieces
 33087 | Elf:2    | Bought a potion of haste for 210 gold pieces
 33087 | Elf:2    | Bought a potion of might for 84 gold pieces
 33145 | Elf:2    | Found a runed translucent gate.
 33145 | Elf:2    | Found a runed translucent gate.
 33145 | Elf:2    | Found a runed translucent gate.
 33297 | Elf:3    | Entered Level 3 of the Elven Halls
 33431 | Elf:3    | Found Loit's Magic Scroll Boutique.
 33452 | Elf:3    | Bought a scroll of enchant armour for 112 gold pieces
 33472 | Elf:3    | Noticed Donald
 33478 | Elf:3    | Killed Donald
 33487 | Elf:3    | Reached skill level 5 in Necromancy
 33499 | Elf:3    | Noticed Saint Roka
 33511 | Elf:3    | Killed Saint Roka
 33617 | Elf:3    | Identified the +0 orcbow "Suovaem" {speed, rF+}
 33617 | Elf:3    | Identified the +2 battleaxe "Ultimatum" {antimagic, rN+
                  | rCorr}
 33621 | Elf:3    | Identified the +3 chain mail "Ufuc" {rN++ Will-}
 33625 | Elf:3    | Identified the +1 flail "Woosiur" {freeze, Str+3}
 33628 | Elf:3    | Identified the +9 orcbow of the Beginning {elec, +Blink
                  | Will+}
 33653 | Elf:3    | Got the Incunable of Bruises
 33747 | Elf:3    | Got a shimmering gem with 395 turns to spare
 34298 | Elf:3    | Paralysed by an air elemental for 1 turns
 34693 | Vaults:1 | Entered Level 1 of the Vaults
 34799 | Vaults:1 | Found a magical portal.
 34807 | WizLab   | Entered Lehudib's Moon Base
 34913 | WizLab   | Gained mutation: Your body sometimes deteriorates upon
                  | taking damage. [a neqoxec]
 34999 | WizLab   | Reached XP level 20. HP: 191/191 MP: 20/20
 35127 | WizLab   | Identified the +0 cloak of Hedge Wizardry {+Inv rPois
                  | Int+6}
 35242 | WizLab   | Gained mutation: You occasionally shout uncontrollably at
                  | your foes. [a neqoxec]
 35396 | WizLab   | Found a transporter.
 35425 | WizLab   | Found a transporter.
 35600 | WizLab   | Identified the ring "Volli" {Wiz rPois}
 35602 | WizLab   | Identified the ring of Okawaru's Reproof {Int+6 SInv}
 35639 | WizLab   | Got Lehudib's Guidebook on Talus
 35969 | Vaults:1 | Noticed Nikola
 35972 | Vaults:1 | Killed Nikola
 36162 | Vaults:1 | Found Onuemn's Antique Weapon Emporium.
 36628 | Vaults:1 | Found the +7 great mace "Undeadhunter" {deathbane, rN+}
 36880 | Vaults:2 | Paralysed by a formless jellyfish for 1 turns
 36955 | Vaults:2 | Found Omipsir's Armour Emporium.
 37274 | Vaults:2 | Noticed Zenata
 37285 | Vaults:2 | Killed Zenata
 37543 | Vaults:2 | Found a large runed translucent door.
 37543 | Vaults:2 | Found a large runed translucent door.
 37543 | Vaults:2 | Noticed Syneil's ghost (veteran DjCj)
 37887 | Vaults:3 | Reached XP level 21. HP: 204/204 MP: 21/21
 38495 | Vaults:3 | Found a staircase to the Crypt.
 38523 | Vaults:3 | Found Aleodoem's Magic Scroll Shop.
 38527 | Vaults:3 | Bought a scroll of enchant armour for 90 gold pieces
 38527 | Vaults:3 | Bought a scroll of enchant armour for 90 gold pieces
 39179 | Vaults:4 | Found Cexeem's Magic Scroll Emporium.
 39189 | Vaults:4 | Bought a scroll of enchant armour for 105 gold pieces
 39189 | Vaults:4 | Bought a scroll of blinking for 105 gold pieces
 39189 | Vaults:4 | Bought a scroll of revelation for 105 gold pieces
 39205 | Vaults:4 | Noticed Norris
 39216 | Vaults:4 | Killed Norris
 39269 | Vaults:4 | Noticed Bai Suzhen
 39280 | Vaults:4 | Killed Bai Suzhen
 39572 | Vaults:4 | Reached skill level 10 in Necromancy
 39721 | Vaults:4 | Found Onlim's Distillery.
 39729 | Vaults:4 | Bought a potion of haste for 150 gold pieces
 39729 | Vaults:4 | Bought a potion of haste for 150 gold pieces
 39729 | Vaults:4 | Bought a potion of haste for 150 gold pieces
 39729 | Vaults:4 | Bought a potion of might for 60 gold pieces
 40195 | Depths:1 | Entered Level 1 of the Depths
 40283 | Depths:1 | Found a stormy altar of Qazlal.
 40448 | Depths:1 | Found a gateway to Hell.
 40500 | Depths:1 | Found a shimmering blue altar of Sif Muna.
 40533 | Depths:1 | Reached XP level 22. HP: 217/217 MP: 22/22
 40937 | Depths:1 | Identified the +7 short sword of Uxecuar {freeze, Dex+3}
 41041 | Depths:1 | Noticed a golden dragon
 41049 | Depths:1 | Killed a golden dragon
 41085 | Depths:1 | Identified the staff of the Chewing Gods {*Slow rPois Conj
                  | Hexes Earth}
 41203 | Depths:1 | Identified the +4 short sword of Vaehes {flame, Fly}
 41203 | Depths:1 | Identified the ring of Intercession {rElec Will+ Str-2
                  | Dex+6}
 41563 | Depths:2 | Found a one-way gateway to a ziggurat.
 42167 | Depths:2 | Found a one-way gate leading to the halls of Pandemonium.
 42219 | Depths:2 | Found an opulent altar of Gozag.
 42493 | Depths:2 | Noticed a dread lich
 42505 | Depths:2 | Killed a dread lich
 42629 | Depths:3 | Found a one-way gate to the infinite horrors of the Abyss.
 42895 | Depths:3 | Reached XP level 23. HP: 229/229 MP: 23/23
 43129 | Depths:3 | Identified the +8 hand axe of Yggoow {elec, rPois rN+}
 43224 | Depths:3 | Found a runed translucent gate.
 43224 | Depths:3 | Found a runed translucent gate.
 43224 | Depths:3 | Found a runed translucent gate.
 43230 | Depths:3 | Noticed YordlordTheGreat's ghost (veteran MiMo)
 43480 | Depths:4 | Entered Level 4 of the Depths
 43733 | Depths:4 | Reached skill level 1 in Fire Magic
 44080 | Depths:4 | Found a runed translucent door.
 44080 | Depths:4 | Found a runed translucent door.
 44103 | Depths:4 | Found a gate to the Realm of Zot.
 44161 | Depths:4 | Found a runed translucent door.
 44166 | Depths:4 | Found a runed translucent door.
 44182 | Depths:4 | Found a runed translucent door.
 44201 | Depths:4 | Found a runed translucent door.
 45051 | Vaults:5 | Entered Level 5 of the Vaults
 45140 | Vaults:5 | Identified the +0 leather armour "Tellielest" {rElec Will+}
 45165 | Vaults:5 | Reached XP level 24. HP: 245/245 MP: 23/23
 45235 | Vaults:5 | Noticed a dread lich
 45240 | Vaults:5 | Killed a dread lich
 45465 | Vaults:5 | Noticed Jory
 45609 | Vaults:5 | Killed Jory
 45910 | Vaults:5 | Identified the +6 dire flail of the Wonderful God {heavy,
                  | rCorr Int+4}
 46024 | Vaults:5 | Noticed an ancient lich
 46030 | Vaults:5 | Killed an ancient lich
 46204 | Vaults:5 | Identified the +3 long sword "Tuitz" {freeze, rElec Dex+2}
 46280 | Vaults:5 | Identified the +0 short sword of Articulation {flame, Fly
                  | rN+ Int+6}
 46311 | Vaults:5 | Got a silver rune of Zot
 46777 | D:11     | Killed temujin's ghost
 47063 | Zot:1    | Entered Level 1 of the Realm of Zot
 47118 | Zot:1    | Noticed an orb of fire
 47118 | Zot:1    | Gained mutation: You are agile. (Dex +4, Str/Int -1) [an
                  | orb of fire]
 47130 | Zot:1    | Gained mutation: You are weak. (Str -2) [an orb of fire]
 47134 | Zot:1    | Killed an orb of fire
 47298 | Zot:1    | Reached skill level 2 in Fire Magic
 47438 | Zot:1    | Reached skill level 3 in Fire Magic
 47441 | Zot:1    | Reached skill level 4 in Fire Magic
 47452 | Zot:1    | Reached skill level 5 in Fire Magic
 47464 | Zot:1    | Reached skill level 6 in Fire Magic
 47495 | Zot:1    | Reached skill level 7 in Fire Magic
 47508 | Zot:1    | Reached skill level 8 in Fire Magic
 47532 | Zot:1    | Reached skill level 9 in Fire Magic
 47578 | Zot:1    | Reached skill level 10 in Fire Magic
 47937 | Zot:2    | Reached skill level 11 in Fire Magic
 48031 | Zot:2    | Reached skill level 12 in Fire Magic
 48038 | Zot:2    | Reached skill level 13 in Fire Magic
 48071 | Zot:2    | Reached skill level 14 in Fire Magic
 48076 | Zot:2    | Reached XP level 25. HP: 253/253 MP: 20/23
 48132 | Zot:3    | Reached skill level 15 in Fire Magic
 48156 | Zot:3    | Noticed a Killer Klown
 48162 | Zot:3    | Killed a Killer Klown
 48190 | Zot:3    | Noticed a Killer Klown
 48192 | Zot:3    | Reached skill level 16 in Fire Magic
 48200 | Zot:3    | Killed a Killer Klown
 48259 | Zot:3    | You fall into a shaft and drop 1 floor!
 48260 | Zot:4    | Noticed Nanua's ghost (legendary GnRe)
 48260 | Zot:4    | Found a runed translucent door.
 48286 | Zot:4    | Reached skill level 17 in Fire Magic
 48351 | Zot:4    | Noticed a Killer Klown
 48353 | Zot:4    | Reached skill level 18 in Fire Magic
 48357 | Zot:4    | Killed a Killer Klown
 48360 | Zot:4    | Noticed a Killer Klown
 48370 | Zot:4    | Killed a Killer Klown
 48385 | Zot:5    | Entered Level 5 of the Realm of Zot
 48412 | Zot:5    | Reached skill level 19 in Fire Magic
 48436 | Zot:5    | Noticed an ancient lich
 48442 | Zot:5    | Killed an ancient lich
 48448 | Zot:5    | Noticed a Killer Klown
 48449 | Zot:5    | Reached skill level 20 in Fire Magic
 48450 | Zot:5    | Noticed a Killer Klown
 48450 | Zot:5    | Noticed an orb of fire
 48450 | Zot:5    | Noticed an orb of fire
 48452 | Zot:5    | Killed an orb of fire
 48454 | Zot:5    | Killed a Killer Klown
 48458 | Zot:5    | Noticed an ancient lich
 48459 | Zot:5    | Gained mutation: You do not regenerate when monsters are
                  | visible. [an orb of fire]
 48460 | Zot:5    | Noticed a dread lich
 48460 | Zot:5    | Gained mutation: Your body often deteriorates upon taking
                  | damage. [an orb of fire]
 48463 | Zot:5    | Killed an orb of fire
 48464 | Zot:5    | Reached XP level 26. HP: 261/261 MP: 23/23
 48465 | Zot:5    | Killed a dread lich
 48466 | Zot:5    | Reached skill level 21 in Fire Magic
 48471 | Zot:5    | Killed an ancient lich
 48482 | Zot:5    | Reached skill level 22 in Fire Magic
 48484 | Zot:5    | Noticed a dread lich
 48485 | Zot:5    | Noticed a dread lich
 48487 | Zot:5    | Noticed an ancient lich
 48490 | Zot:5    | Killed a dread lich
 48491 | Zot:5    | Killed a dread lich
 48493 | Zot:5    | Killed an ancient lich
 48497 | Zot:5    | Noticed an orb of fire
 48511 | Zot:5    | Killed an orb of fire
 48524 | Zot:5    | Reached skill level 23 in Fire Magic
 48837 | Zot:5    | Lost mutation: You are agile. (Dex +4, Str/Int -1) [potion
                  | of mutation]
 48837 | Zot:5    | Lost mutation: You are weak. (Str -2) [potion of mutation]
 48837 | Zot:5    | Lost mutation: You occasionally shout uncontrollably at
                  | your foes. [potion of mutation]
 48837 | Zot:5    | Gained mutation: Your flesh is heat resistant. (rF+)
                  | [potion of mutation]
 48837 | Zot:5    | Gained mutation: Your flesh is very heat resistant. (rF++)
                  | [potion of mutation]
 48837 | Zot:5    | Gained mutation: You have a pair of small antennae on your
                  | head. [potion of mutation]
 48838 | Zot:5    | Lost mutation: You do not regenerate when monsters are
                  | visible. [potion of mutation]
 48838 | Zot:5    | Lost mutation: You have a pair of small antennae on your
                  | head. [potion of mutation]
 48838 | Zot:5    | Gained mutation: You passively dampen the noise of your
                  | surroundings. [potion of mutation]
 48839 | Zot:5    | Lost mutation: Your flesh is very heat resistant. (rF++)
                  | [potion of mutation]
 48839 | Zot:5    | Lost mutation: You passively dampen the noise of your
                  | surroundings. [potion of mutation]
 48840 | Zot:5    | Lost mutation: Your flesh is heat resistant. (rF+) [potion
                  | of mutation]
 48840 | Zot:5    | Lost mutation: Your body often deteriorates upon taking
                  | damage. [potion of mutation]
 48840 | Zot:5    | Gained mutation: Your system is resistant to poisons.
                  | (rPois) [potion of mutation]
 48841 | Zot:5    | Lost mutation: Your body sometimes deteriorates upon taking
                  | damage. [potion of mutation]
 48841 | Zot:5    | Lost mutation: Your system is resistant to poisons. (rPois)
                  | [potion of mutation]
 48841 | Zot:5    | Gained mutation: Your magical capacity is low. (-10% MP)
                  | [potion of mutation]
 48841 | Zot:5    | Gained mutation: You are clumsy. (Dex -2) [potion of
                  | mutation]
 48841 | Zot:5    | Lost mutation: You are clumsy. (Dex -2) [potion of
                  | mutation]
 50298 | Zot:3    | Reached skill level 24 in Fire Magic
 50365 | Zot:3    | Found a shimmering altar of Xom.
 50365 | Zot:3    | Found a shimmering altar of Xom.
 50365 | Zot:3    | Found a shimmering altar of Xom.
 50367 | Zot:3    | Found a glowing silver altar of Zin.
 50369 | Zot:3    | Found a shimmering altar of Xom.
 50374 | Zot:3    | Found a shimmering altar of Xom.
 50374 | Zot:3    | Found a shimmering altar of Xom.
 51522 | Zot:5    | Got the Orb of Zot
 51597 | Depths:4 | Noticed Onowupsageff the pandemonium lord
 51625 | Depths:4 | Killed Onowupsageff the pandemonium lord
 51694 | Depths:4 | Noticed Hany the pandemonium lord
 51713 | Depths:4 | Gained mutation: You have hidden genetic defects. [a
                  | cacodemon]
 51716 | Depths:4 | Killed Hany the pandemonium lord
 51723 | Depths:4 | Noticed Wameicio the pandemonium lord
 51749 | Depths:4 | Killed Wameicio the pandemonium lord
 51823 | Depths:2 | Reached skill level 25 in Fire Magic
 52061 | D:8      | Noticed Keokyd the pandemonium lord
 52066 | D:8      | Killed Keokyd the pandemonium lord
 52323 | D:8      | Noticed Gacvom the pandemonium lord
 52572 | D:7      | Noticed Sinovian the pandemonium lord
 52767 | D:6      | Noticed Ashrinise the pandemonium lord
 52937 | D:4      | Gained mutation: You are occasionally teleported next to
                  | monsters. [hidden defects]
 52938 | D:4      | Lost mutation: You are occasionally teleported next to
                  | monsters. [potion of mutation]
 52938 | D:4      | Lost mutation: You have hidden genetic defects. [potion of
                  | mutation]
 52938 | D:4      | Gained mutation: You occasionally lose the ability to drink
                  | potions when taking damage. [potion of mutation]
 52939 | D:4      | Lost mutation: You occasionally lose the ability to drink
                  | potions when taking damage. [potion of mutation]
 52939 | D:4      | Lost mutation: Your magical capacity is low. (-10% MP)
                  | [potion of mutation]
 52939 | D:4      | Gained mutation: You are clumsy. (Dex -2) [potion of
                  | mutation]
 52939 | D:4      | Gained mutation: Your mind is acute. (Int +4, Str/Dex -1)
                  | [potion of mutation]
 52939 | D:4      | Gained mutation: Your magical capacity is low. (-10% MP)
                  | [potion of mutation]
 52939 | D:4      | Gained mutation: You are strong-willed. (Will+) [potion of
                  | mutation]
 52940 | D:4      | Lost mutation: Your mind is acute. (Int +4, Str/Dex -1)
                  | [potion of mutation]
 52940 | D:4      | Lost mutation: You are clumsy. (Dex -2) [potion of
                  | mutation]
 52940 | D:4      | Gained mutation: Your natural rate of healing is unusually
                  | fast. [potion of mutation]
 52940 | D:4      | Gained mutation: You expend magic power (3 MP) to
                  | strengthen your wands. [potion of mutation]
 52982 | D:4      | Noticed Norrec the pandemonium lord
 52988 | D:4      | Killed Norrec the pandemonium lord
 52993 | D:4      | Noticed Nafyifoc the pandemonium lord
 53008 | D:4      | Reached XP level 27. HP: 207/269 MP: 17/20
 53019 | D:4      | Killed Nafyifoc the pandemonium lord
 53180 | D:4      | Reached skill level 26 in Fire Magic
 53375 | D:4      | Noticed Xicaqil the pandemonium lord
 53382 | D:4      | Killed Xicaqil the pandemonium lord
 54496 | D:1      | Noticed Biecue the pandemonium lord
 54516 | D:1      | Killed Biecue the pandemonium lord
 54516 | D:1      | Reached skill level 27 in Fire Magic
 54525 | D:$      | Escaped with the Orb!

Illustrated notes

Levels and vault maps discovered:
D:1:      dpeg_arrival_signposts, layout_loops_ring, serial_shops,
          nicolae_shop_tiny_glass, shop
D:2:      layout_basic
D:3:      layout_basic, lemuel_doored_altar,
          mainiacjoe_overflow_surrounded_room,
          gammafunk_temple_overflow_elements, hangedman_decor_growths,
          nicolae_underground_beach, uniq_jessica, uniq_terence
D:4:      layout_gridville, minmay_unequal
D:5:      minmay_diamond_boxcup, layout_cave_pools,
          lightli_ossuary_entry_decrepit_ruins, serial_co_window_serial,
          co_window_paths_a, co_window_paths_a, co_window_paths_a,
          co_window_paths_a, co_window_corner_a, co_window_paths_a,
          co_window_corner_a, co_window_corner_b, co_window_2corner,
          co_window_broadway_c, co_window_corner_cb, co_window_broadway_a,
          glass_columns_b, glass_columns_c, glass_columns_a, glass_columns_c,
          glass_columns_a, uniq_edmund, uniq_grinder, uniq_sigmund, uniq_pikel
D:6:      layout_layer_cave, old_standard_altar,
          chequers_temple_overflow_statue_of_worship, minmay_temple_entry_wispy,
          uniq_crazy_yiuf_cottage, uniq_blork_the_orc, uniq_jeremiah
D:7:      layout_basic, mainiacjoe_overflow_brackets, nzn_hepliaklqana_mist_gate
D:8:      layout_loops_ring, uniq_joseph, uniq_psyche, uniq_maggie
D:9:      layout_irregular_city, erik_lair_island
D:10:     minmay_firetagon, layout_rooms, ebering_ghost_xom, uniq_maurice,
          uniq_harold, uniq_gastronok, uniq_snorg
D:11:     layout_cave_pods, hellmonk_ghost_happy_afterlife
D:12:     kennysheep_windowed_halls, layout_long_grid, david_orc_2,
          minmay_fire_ice_demons
D:13:     minmay_the_grid_octo_tiled_squarecenter_mashed
          [minmay_the_grid_octo_pinwheel, minmay_the_grid_octo_tetromino_candy,
          minmay_the_grid_octo_shrine, minmay_the_grid_octo_checkerflower,
          minmay_the_grid_square_5x5_megaprize_crossed,
          minmay_the_grid_square_5x5_minibox, minmay_the_grid_square_5x5_six,
          minmay_the_grid_square_5x5_gyroscope,
          minmay_the_grid_square_5x5_bite], layout_basic,
          grunt_vaults_entry_fortified, serial_shops,
          nicolae_shop_window_shopping, hangedman_decor_opposing
D:14:     layout_basic, nicolae_uskayaw_en_pointe, minmay_misc_feat_five,
          nzn_wu_jian_council_hall
D:15:     gammafunk_enter_depths_forms, layout_loops_cross, elyvilon_altar_5
Temple:   cyrus_circular_temple
Lair:1:   layout_misc_corridors, gammafunk_ghost_hydra_chop, grunt_megastairs_5
Lair:2:   layout_chaotic_city, minmay_shoals_entry_beasts, dummy_snake_entry,
          columned_hall_lemuel, nicolae_lair_liquid_snakes, grunt_megastairs_2,
          serial_bayou_shore_a, uniq_urug
Lair:3:   layout_small_grid, pf_torpor_hydra, lemuel_fruit_tree,
          serial_bayou_shore_b, grunt_megastairs_4
Lair:4:   layout_regular_city, wad_woods_02
Lair:5:   due_jungle_book, layout_regular_city, slime_entry_2,
          minmay_shattered_shrine, infiniplex_staircase_pool_2
Shoals:1: layout_shoals, ebering_ghost_gozag, ldierk_geyser, uniq_kirke
Shoals:2: layout_shoals, nicolae_shoals_enchanted_isle, uniq_polyphemus,
          uniq_roxanne
Shoals:3: layout_shoals
Shoals:4: shoals_end_grunt_garden, layout_shoals, serial_shops,
          nicolae_shop_waterfront, nicolae_shoals_siren_and_animal_friends
Snake:1:  layout_grid_maze, st_stairs_5, minmay_shoptagon, serial_bayou_shore_b,
          serial_bayou_shore_b
Snake:2:  nrook_guardian_serpent_snake_passage, layout_gridlike,
          nicolae_shop_overcharged_wands, uniq_aizul, uniq_frances, uniq_jorgrun
Snake:3:  layout_rooms
Snake:4:  hellmonk_snake_rune_quicksilver_temple, layout_layer_cave,
          nicolae_snake_salamander_zone, uniq_vashnia
Orc:1:    layout_caves
Orc:2:    st_orc_rangers, layout_diamond_mine, nicolae_orc_lost_temple
Elf:1:    layout_rooms, guppyfry_library_mini, grunt_ministairs_3
Elf:2:    elven_hall_of_blades_hangedman_original [mumra_blade_entry_dagger],
          layout_geoelf_diagonals, serial_shops, nicolae_shop_industrial_runoff,
          lemuel_flamethrower_2
Elf:3:    minmay_elf_hall_dome, layout_geoelf_castle, serial_shops, shop,
          uniq_donald, uniq_saint_roka
Vaults:1: mu_enter_wizlab_4, nicolae_vaults_tetromino_Z_1,
          nicolae_vaults_closet_pinwheel_6, ontoclasm_vaults_pinch, v_misc_17,
          nicolae_vaults_surprise_closet, hangedman_vaults_river_flow,
          v_alt_pattern_6, nicolae_vaults_offset_grid_hallway_2,
          ontoclasm_vaults_shuriken, v_misc_3, vaults_room_corners,
          nicolae_vaults_crenellated_ambush, vaults_room_hallway,
          nicolae_vaults_little_ls, layout_vaults_ring, serial_shops,
          nicolae_shop_hallway_plus, uniq_nikola
Vaults:2: ebering_ghost_disaster_area, v_misc_9, v_misc_28, v_rooms_6,
          nicolae_vaults_hexular_roomagon, nicolae_vaults_ninety_degrees,
          nicolae_vaults_double_plus_1, nicolae_vaults_little_squares_5,
          layout_vaults_omnigrid, serial_shops, shop_statue, uniq_zenata
Vaults:3: nicolae_vaults_security_offices_6, nicolae_vaults_big_ls,
          nicolae_vaults_door_testing_chamber, minmay_orc_keep,
          hangedman_vaults_stretched_pinwheel, nicolae_vaults_bisected_slash,
          ontoclasm_vaults_twist, vaults_room_grid, v_misc_3,
          nicolae_vaults_mini_display_case, nicolae_vaults_network_periphery,
          minmay_crypt_entry_simple_corners, ontoclasm_vaults_ring_square,
          vaults_dpeg_encased_lava, layout_vaults_omnibox, serial_shops, shop
Vaults:4: v_rooms_3, dpeg_vaults_monster_row, v_misc_25, v_alt_pattern_6,
          nicolae_vaults_cochlea, nicolae_vaults_little_squares_5,
          nicolae_vaults_cornered_office, nicolae_vaults_closet_pinwheel_4,
          v_misc_11, layout_vaults_maze_snakey, serial_shops, shop,
          nicolae_shop_tiny_glass, uniq_norris, uniq_bai_suzhen
Vaults:5: uniq_jory
Depths:1: grunt_twisty_corner, layout_gridlike,
          nicolae_qazlal_scattered_showers, grunt_metal_band,
          hellmonk_sif_muna_bookshelves
Depths:2: hellmonk_paralyzer, layout_honeycomb, enter_ziggurat_e,
          rand_demon_pan_entry_9, hell_entry,
          nicolae_gozag_cash_rules_everything_around_me
Depths:3: hangedman_arch_fort, layout_basic, ebering_ghost_rock_garden,
          abyss_entry, hell_entry
Depths:4: evilmike_zot_entry_castle, layout_cave_pools, pf_hell_entry_tar_river,
          serial_sigils, serial_sigils_hangedman_gut,
          serial_sigils_hangedman_writhe, serial_sigils_hangedman_snap,
          serial_sigils_hangedman_gnaw
Zot:1:    layout_concentric_octagons, st_stairs_9
Zot:2:    grunt_twist_and_shout, layout_cathedral_of_symmetry
Zot:3:    dreamdust_zin_vs_xom, layout_gridville
Zot:4:    cheibrodos_zot_enchanting_chambers, layout_basic,
          gammafunk_ghost_grave
Zot:5:    layout_twisted_circle

Skill      XL: |  1  2  3  4  5  6  7  8  9 10 11 12 13 14 15 16 17 18 19 20 21 22 23 24 25 26 27 |
---------------+----------------------------------------------------------------------------------+-----
Dodging        | 3 4 5 6 7 8 9 10 11 12 13 14 15 16 18 19 20 22 23 | 23.9
Shapeshifting  | 1 2 3 4 6 7 9 10 | 10.0
Fighting       | 3 4 6 7 8 9 11 12 13 14 15 16 18 19 21 22 24 25 26 | 26.1
Long Blades    | 4 5 6 7 8 9 11 13 14 16 | 16.0
Evocations     | 1 3 4 6 7 9 |  9.0
Stealth        | 3 5 7 8 9 |  9.0
Shields        | 5 10 13 15 16 | 16.0
Necromancy     | 8 9 11 12 | 12.0
Fire Magic     | 1 14 20 25 27 | 27.0
Throwing       | |  1.7

Action                     |  1- 3 |  4- 6 |  7- 9 | 10-12 | 13-15 | 16-18 | 19-21 | 22-24 | 25-27 || total
---------------------------+-------+-------+-------+-------+-------+-------+-------+-------+-------++-------
  Melee: Long sword        |    80 |   123 |   265 |   286 |       |       |       |       |       ||   754
         Tailslap          |     8 |    29 |    36 |   113 |   239 |   278 |   403 |   423 |   309 ||  1838
         Unarmed           |       |     8 |       |       |       |       |       |       |       ||     8
         Scimitar          |       |       |       |   397 |  1109 |       |       |       |       ||  1506
         Maw               |       |       |       |   146 |   467 |   540 |   636 |   676 |   533 ||  2998
         Demon blade       |       |       |       |       |   217 |  1475 |  1629 |  1794 |  1342 ||  6457
  Throw: Throwing net      |       |     5 |       |       |       |       |       |       |     7 ||    12
         Dart              |       |     2 |     4 |    24 |    13 |       |       |       |       ||    43
   Cast: Fugue of the Fall |       |       |       |       |       |       |     5 |    10 |     9 ||    24
 Invoke: Serpent's Lash    |       |       |       |     8 |    24 |    16 |    23 |    17 |    21 ||   109
         Heavenly Storm    |       |       |       |       |       |     2 |     1 |     4 |       ||     7
Ability: Steam Breath      |       |       |     9 |     9 |     9 |       |     2 |     5 |     3 ||    37
         Lunge             |       |       |     3 |    49 |    90 |   172 |   122 |   118 |    85 ||   639
         Whirlwind         |       |       |       |   107 |   244 |   380 |   270 |   591 |   442 ||  2034
         Wall Jump         |       |       |       |     3 |    12 |     8 |    14 |     7 |     6 ||    50
  Evoke: Wand              |       |       |     7 |    22 |     3 |       |     3 |     1 |     6 ||    42
         Phantom mirror    |       |       |       |       |       |       |       |       |     1 ||     1
    Use: Scroll            |     2 |     3 |     7 |     7 |     9 |    12 |     2 |     5 |     6 ||    53
         Potion            |       |     5 |       |       |       |     1 |       |     2 |    30 ||    38
   Stab: Held in net/web   |       |     2 |       |       |       |       |       |       |     7 ||     9
         Sleeping          |       |       |       |     8 |    22 |    36 |    52 |    13 |     2 ||   133
         Distracted        |       |       |       |       |    10 |     7 |     3 |     4 |     2 ||    26
         Petrifying        |       |       |       |       |       |     2 |       |       |       ||     2
         Petrified         |       |       |       |       |       |     2 |       |       |       ||     2
 Armour: Skin              |    62 |   125 |   138 |   423 |   556 |   402 |   293 |   272 |   194 ||  2465
  Dodge: Dodged            |    58 |    92 |   161 |   358 |   700 |   565 |   547 |   765 |   546 ||  3792
  Block: Buckler           |       |     3 |    46 |    63 |       |       |       |       |       ||   112
         Kite shield       |       |       |       |   161 |   479 |   762 |   846 |  1018 |   605 ||  3871
   Form: Beast             |     1 |       |       |       |       |       |       |       |       ||     1
         Maw               |       |       |       |     1 |       |       |       |       |       ||     1

Table legend: (Time is in decaauts)
 A = Elapsed time spent in this place.
 B = Non-inter-level travel time spent in this place.
 C = Inter-level travel time spent in this place.
 D = Time resting spent in this place.
 E = Time spent auto-exploring this place.
 F = Levels seen in this place.
 G = Mean time per level.
                   A        B        C        D        E       F      G
               +--------+--------+--------+--------+--------+-----+--------+
         Total |  54017 |  48883 |   5134 |   7571 |  29056 |  50 | 1080.3 |
       Dungeon |  22088 |  19557 |   2531 |   6831 |   8764 |  15 | 1472.5 |
        Temple |     18 |      2 |     16 |      0 |      0 |   1 |   18.0 |
          Lair |   4857 |   4480 |    377 |    187 |   3257 |   5 |  971.4 |
        Shoals |   3275 |   2977 |    298 |      4 |   2000 |   4 |  818.8 |
     Snake Pit |   3266 |   3050 |    216 |      0 |   2156 |   4 |  816.5 |
  Orcish Mines |   1703 |   1474 |    229 |    198 |    873 |   2 |  851.5 |
   Elven Halls |   2233 |   2082 |    151 |      0 |   1464 |   3 |  744.3 |
        Vaults |   5940 |   5385 |    555 |    130 |   3818 |   5 | 1188.0 |
        Depths |   4794 |   4393 |    401 |     32 |   3135 |   4 | 1198.5 |
           Zot |   4442 |   4086 |    356 |     62 |   2989 |   5 |  888.4 |
       Ossuary |    468 |    468 |      0 |    113 |    148 |   1 |  468.0 |
        Wizlab |    928 |    928 |      0 |     14 |    448 |   1 |  928.0 |
               +--------+--------+--------+--------+--------+-----+--------+

Top non-repeatable levels by time:
    D:13: 2317 daAuts
     D:1: 2274 daAuts
    D:15: 1951 daAuts
     D:4: 1943 daAuts
     D:6: 1782 daAuts
    D:12: 1757 daAuts
     D:8: 1613 daAuts
     D:3: 1490 daAuts
Depths:4: 1420 daAuts
Vaults:5: 1410 daAuts
Depths:1: 1368 daAuts
 Snake:4: 1282 daAuts
Vaults:3: 1258 daAuts
  Lair:5: 1238 daAuts
   Elf:3: 1218 daAuts
